 Dungeon Crawl Stone Soup version 0.27-a0-1140-g099f9bb0e8 (webtiles) character file.

Game seed: 9256027578604996852

7744 freelancePsychic the Spry (level 11, -22/133 HPs)
             Began as a Merfolk Gladiator on May 10, 2021.
             Was a Priest of Ashenzari.
             Annihilated by Sonja
             ... wielding a +0 short sword of distortion
              (23 damage)
             ... on level 10 of the Dungeon.
             The game lasted 00:23:45 (12324 turns).

freelancePsychic the Spry (Merfolk Gladiator)      Turns: 12324, Time: 00:23:47

Health: -22/133    AC: 13    Str: 15    XL:     11   Next: 20%
Magic:  11/11      EV: 17    Int:  9    God:    Ashenzari [***...]
Gold:   558        SH:  0    Dex: 17    Spells: 10/10 levels left

rFire    . . .     SeeInvis +   a - +0 trident "Per Aspera Ad Scientiam" {Self, Alch} (curse)
rCold    . . .     Faith    .   (no shield)
rNeg     . . .     Spirit   .   g - +0 scale mail "Clairvoyant Omission" {Bglg, Self} (curse)
rPois    .         Reflect  .   c - +0 helmet "Burden of Ashenzari" {Alch, Melee} (curse)
rElec    .         Harm     .   v - +2 cloak
rCorr    .         Rampage  .   y - +0 pair of gloves "Ruined Together" {Alch, Bglg} (curse)
Will     .....     Clarity  +   j - +1 pair of boots "Clairvoyant Fanaticism" {Comp, Fort} (curse)
Stlth    ..........             (no amulet)
HPRegen  0.32/turn              (no ring)
MPRegen  0.12/turn              (no ring)

@: berserking (expiring), lethally poisoned (-22 -> -31), slowed
A: (nimble swimmer 2), mertail
a: Renounce Religion, Shatter the Chains


You were on level 10 of the Dungeon.
You worshipped Ashenzari.
Ashenzari was most pleased with you.
You visited 1 branch of the dungeon, and saw 10 of its levels.

You collected 558 gold pieces.

Inventory:

Hand Weapons
 a - the cursed +0 trident "Per Aspera Ad Scientiam" (weapon) {Self, Alch}

   It has a curse which improves the following skills: Introspection: Fighting
   and Spellcasting.
   Alchemy:   Poison Magic and Transmutations.
 p - a +2 spear of pain
Missiles
 d - 2 throwing nets
 i - 8 javelins (quivered)
 E - 8 boomerangs
Armour
 b - a +0 leather armour
 c - the cursed +0 helmet "Burden of Ashenzari" (worn) {Alch, Melee}

   It has a curse which improves the following skills: Alchemy: Poison Magic and
   Transmutations.
   Melee Combat: Short Blades, Long Blades, Axes, Maces & Flails, Polearms,
   Staves and Unarmed Combat.
 f - a +0 ring mail
 g - the cursed +0 scale mail "Clairvoyant Omission" (worn) {Bglg, Self}
   (You found it on level 2 of the Dungeon)

   It has a curse which improves the following skills: Beguiling: Conjurations,
   Hexes and Translocations.
   Introspection: Fighting and Spellcasting.
 j - the cursed +1 pair of boots "Clairvoyant Fanaticism" (worn) {Comp, Fort}
   (You found it on level 2 of the Dungeon)

   It has a curse which improves the following skills: Companions: Summonings
   and Necromancy.
   Fortitude: Armour and Shields.
 r - a +2 pair of boots
 v - a +2 cloak (worn)
 y - the cursed +0 pair of gloves "Ruined Together" (worn) {Alch, Bglg}
   (You found it on level 8 of the Dungeon)

   It has a curse which improves the following skills: Alchemy: Poison Magic and
   Transmutations.
   Beguiling: Conjurations, Hexes and Translocations.
 D - a scarf of shadows
Jewellery
 n - a ring of ice
 u - a +6 ring of intelligence
 x - a +6 ring of intelligence
 A - a ring of willpower
Wands
 l - a wand of acid (8)
 B - a wand of polymorph (2)
 C - a wand of flame (36)
Scrolls
 h - 4 scrolls of teleportation {@r4}
 m - 3 scrolls of amnesia
Potions
 e - 3 potions of flight
 k - 2 potions of curing {@q1}
 o - 4 potions of lignification
 q - 2 potions of haste {@q3}
 t - 3 potions of brilliance
 w - a potion of mutation


   Skills:
 + Level 6.6(9.6) Fighting
 - Level 14.6(16.1) Polearms
 - Level 2.0 Throwing
 * Level 15.4 Dodging


You had 10 spell levels left.
You didn't know any spells.
Your spell library contained the following spells:

 Spells                   Type           Power      Damage    Failure   Level
 Apportation              Tloc           0%         N/A       80%         1
 Corona                   Hex            0%         N/A       80%         1
 Magic Dart               Conj           0%         1d3       80%         1
 Summon Small Mammal      Summ           0%         N/A       82%         1
 Animate Skeleton         Necr           0%         N/A       83%         1
 Foxfire                  Conj/Fire      0%         2x1d4     83%         1
 Pain                     Necr           0%         1d4       83%         1
 Blink                    Tloc           N/A        N/A       91%         2
 Call Imp                 Summ           0%         N/A       91%         2
 Slow                     Hex            0%         N/A       91%         2
 Ensorcelled Hibernation  Hex/Ice        0%         N/A       92%         2
 Confusing Touch          Hex            0%         N/A       99%         3
 Conjure Flame            Conj/Fire      0%         6-21      99%         3
 Dazzling Flash           Conj/Hex       0%         N/A       99%         3
 Inner Flame              Hex/Fire       0%         N/A       99%         3
 Mephitic Cloud           Conj/Pois/Air  0%         N/A       99%         3
 Tukima's Dance           Hex            0%         N/A       99%         3
 Vampiric Draining        Necr           0%         2d6       99%         3
 Animate Dead             Necr           0%         N/A       100%        4
 Sticky Flame             Conj/Fire      0%         2d3       100%        4
 Agony                    Necr           0%         N/A       100%        5
 Fireball                 Conj/Fire      0%         3d3       100%        5


Dungeon Overview and Level Annotations

Branches:
Dungeon (10/15)            Temple (0/1) D:4
   Lair: D:8-11         Orc: D:9-12

Altars:
Ashenzari
Cheibriados
Okawaru

Shops:
D:4 *

Annotations:
D:10 Sonja


Innate Abilities, Weirdness & Mutations

((You are quick and stealthy near water. (Stealth+, EV+, Speed+++)))
Your lower body shifts to a powerful aquatic tail in water.


Message History

You feel sick. The kobold hits you but does no damage.
You feel very sick. The orc priest closely misses you. The kobold misses you.
Sonja throws a curare-tipped dart.
The curare-tipped dart hits you.
You are lethally poisoned!
You have difficulty breathing.
* * * LOW HITPOINT WARNING * * *
You feel as though you will be slow longer.
The kobold completely misses you.
You see here a howler monkey corpse.
You hit the orc priest.
The orc priest is moderately wounded.
* * * LOW HITPOINT WARNING * * *
You feel very sick.
The orc priest hits you but does no damage.
The kobold completely misses you.
You puncture the orc priest!
You kill the orc priest!
* * * LOW HITPOINT WARNING * * *
You feel very sick. The kobold barely misses you. x2
You barely miss the kobold.
* * * LOW HITPOINT WARNING * * *
You feel sick.
You miss the kobold.
* * * LOW HITPOINT WARNING * * *
You feel sick. The kobold barely misses you.
The kobold hits you but does no damage.
You puncture the kobold!
You kill the kobold!
* * * LOW HITPOINT WARNING * * *
You feel sick.
You impale Sonja!!
Sonja is severely wounded.
* * * LOW HITPOINT WARNING * * *
You feel sick.
Sonja hits you with a +0 short sword of distortion.
* * * LOW HITPOINT WARNING * * *
Space warps horribly around you!!
You die...

#..K...#...........,
#......#...........,
#..(...#..))......., ,,
######.....)#'##...#####* , ,
#..............#...##.......,
#..............#....#.......,
#.....(........#....#.....# *
#............).#....#.....#
#...........K@)#....#.....#
#............K.#....'.....#
####..............######.....##
....###+######................###
....#........#................#..
....+........'.........(......#..
....#........#.......)........#..
....###'####.#................###
...........#####.....######......


You could see Sonja and a kobold.

Vanquished Creatures
  Fannar (D:10)
  Erica (D:8)
  A two-headed ogre (D:9)
  Joseph (D:8)
  A gargoyle (D:10)
  A komodo dragon (D:10)
  A hornet (D:8)
  A shadow (D:9)
  A wyvern (D:9)
  3 yaks
  A water moccasin (D:6)
  An orc warrior (D:10)
  A sky beast (D:6)
  An ice beast (D:5)
  A necrophage (D:6)
  4 ogres
  2 centaurs
  A phantom (D:4)
  A kobold brigand (D:10)
  8 bullfrogs
  A scorpion (D:4)
  A water moccasin skeleton (D:7)
  4 killer bees (D:10)
  5 wights (D:8)
  3 howler monkeys
  A bullfrog zombie (D:5)
  5 hounds
  2 jellies
  5 orc priests
  5 centaur zombies
  3 bullfrog skeletons
  3 iguanas
  8 orc wizards
  A howler monkey skeleton (D:5)
  4 gnolls
  7 adders
  A shadow imp (D:7)
  2 ufetubi (D:5)
  3 adder skeletons (D:4)
  4 dart slugs
  26 orcs
  3 endoplasms
  5 giant cockroaches
  7 goblins
  14 hobgoblins
  11 jackals
  A quokka (D:3)
  11 ball pythons
  8 bats
  3 frilled lizards
  6 kobolds
  5 rats
201 creatures vanquished.

Vanquished Creatures (others)
  11 plants (D:4)
11 creatures vanquished.

Grand Total: 212 creatures vanquished

Notes
Turn   | Place    | Note
-------+----------+-------------------------------------------
     0 | D:1      | freelancePsychic the Merfolk Gladiator began the quest for
                  | the Orb.
     0 | D:1      | Reached XP level 1. HP: 16/16 MP: 1/1
   280 | D:1      | Reached skill level 5 in Polearms
   280 | D:1      | Reached XP level 2. HP: 21/23 MP: 2/2
   744 | D:1      | Found a faded altar of an unknown god.
   747 | D:1      | Became a worshipper of Ashenzari the Shackled
   810 | D:2      | Found a snail-covered altar of Cheibriados.
   916 | D:2      | Reached XP level 3. HP: 26/29 MP: 3/3
  1112 | D:2      | Reached XP level 4. HP: 29/35 MP: 4/4
  1679 | D:3      | Reached XP level 5. HP: 41/41 MP: 5/5
  2529 | D:3      | Reached XP level 6. HP: 42/48 MP: 6/6
  2589 | D:3      | Reached * piety under Ashenzari
  2739 | D:4      | Found Winniw's General Store.
  2740 | D:4      | Identified the cursed +1 pair of boots "Clairvoyant
                  | Fanaticism" {Comp, Fort} (You found it on level 2 of the
                  | Dungeon)
  2860 | D:4      | Found a staircase to the Ecumenical Temple.
  3247 | D:4      | Reached XP level 7. HP: 24/55 MP: 7/7
  3609 | D:4      | Found an iron altar of Okawaru.
  3772 | D:4      | Reached skill level 10 in Polearms
  4101 | D:5      | Entered Level 5 of the Dungeon
  4130 | D:5      | Reached ** piety under Ashenzari
  4286 | D:5      | Reached skill level 5 in Dodging
  4540 | D:5      | Reached XP level 8. HP: 52/65 MP: 8/8
  4547 | D:5      | Reached skill level 6 in Dodging
  5291 | D:6      | Reached skill level 7 in Dodging
  5415 | D:6      | Reached skill level 8 in Dodging
  5697 | D:6      | Reached skill level 9 in Dodging
  5697 | D:6      | Reached XP level 9. HP: 58/70 MP: 9/9
  6302 | D:7      | Reached *** piety under Ashenzari
  7054 | D:8      | Noticed Joseph
  7174 | D:8      | Reached skill level 10 in Dodging
  7183 | D:8      | Killed Joseph
  7590 | D:8      | Noticed Erica
  7606 | D:8      | Killed Erica
  7607 | D:8      | Reached skill level 12 in Dodging
  7738 | D:8      | Reached XP level 10. HP: 80/80 MP: 10/10
  8250 | D:8      | Reached **** piety under Ashenzari
  8698 | D:9      | Noticed a two-headed ogre
  8894 | D:9      | Reached skill level 13 in Dodging
  9408 | D:10     | Entered Level 10 of the Dungeon
  9486 | D:10     | Noticed a gargoyle
  9512 | D:10     | Killed a gargoyle
  9827 | D:10     | Noticed a two-headed ogre
  9879 | D:9      | HP: 4/81 [yak (10)]
 10408 | D:9      | Killed a two-headed ogre
 10409 | D:9      | Reached skill level 5 in Fighting
 10409 | D:9      | Reached skill level 14 in Dodging
 11599 | D:10     | Noticed Fannar
 11640 | D:10     | Killed Fannar
 11641 | D:10     | Reached skill level 15 in Dodging
 11641 | D:10     | Reached XP level 11. HP: 39/90 MP: 11/11
 12299 | D:10     | Noticed Sonja
 12321 | D:10     | HP: 6/133 [poisoned by Sonja (curare-tipped dart)]
 12324 | D:10     | HP: 2/133 [poisoned by Sonja (curare-tipped dart)]
 12324 | D:10     | Annihilated by Sonja

Illustrated notes

Levels and vault maps discovered:
D:1:      dpeg_arrival_arbitrary_b, layout_loops_ring,
          shapermc_ecumenical_altar_mp_vishouse, minivault_26
D:2:      minmay_diamond_boxcup, layout_rooms, basic_altar,
          kennysheep_generic_room_9
D:3:      minmay_bubble_buster, layout_basic, dk_noncrumbling_2, dk_vineyard_3
D:4:      layout_basic, old_standard_altar,
          minmay_temple_entry_drinking_statues, serial_bayou,
          serial_bayou_shore_a, serial_bayou_lagoon_b, serial_bayou_pond_b,
          serial_bayou_pond_b, serial_shops, kennysheep_mini_moat
D:5:      layout_basic, cheibrodos_gnoll_hut
D:6:      layout_basic
D:7:      layout_basic
D:8:      layout_basic, kennysheep_path_1, uniq_erica, uniq_joseph
D:9:      layout_basic
D:10:     layout_gridville, minmay_crystal_water, st_stairs_2, uniq_sonja,
          uniq_fannar, uniq_urug, uniq_grum, uniq_josephine

Skill      XL: |  1  2  3  4  5  6  7  8  9 10 |
---------------+-------------------------------+-----
Polearms       | 5 6 7 8 9 10 12 13 14 | 14.6
Fighting       | 3 4 6 |  6.6
Dodging        | 5 9 12 15 | 15.4
Throwing       | |  2.0

Action                   |  1- 3 |  4- 6 |  7- 9 | 10-12 || total
-------------------------+-------+-------+-------+-------++-------
Melee: Trident           |   102 |   188 |   109 |   359 ||   758
       Spear             |       |    65 |   309 |       ||   374
Throw: Javelin           |       |     5 |     2 |    13 ||    20
       Throwing net      |       |     3 |       |       ||     3
Invok: Curse Item        |     1 |     1 |     3 |     1 ||     6
       Shatter the Chain |       |       |       |     1 ||     1
  Use: Potion            |       |       |     3 |     7 ||    10
 Stab: Sleeping          |     1 |       |       |       ||     1
       Held in net/web   |       |     2 |       |       ||     2
Armor: Ring mail         |    39 |     4 |       |       ||    43
       Leather armour    |     1 |       |       |       ||     1
       Scale mail        |       |    66 |    65 |    84 ||   215
Dodge: Dodged            |    75 |    98 |   118 |   228 ||   519

Table legend: (Time is in decaauts)
 A = Elapsed time spent in this place.
 B = Non-inter-level travel time spent in this place.
 C = Inter-level travel time spent in this place.
 D = Time resting spent in this place.
 E = Time spent auto-exploring this place.
 F = Levels seen in this place.
 G = Mean time per level.
                   A        B        C        D        E       F      G
               +--------+--------+--------+--------+--------+-----+--------+
         Total |  11897 |  11501 |    396 |   1174 |   8562 |  10 | 1189.7 |
       Dungeon |  11897 |  11501 |    396 |   1174 |   8562 |  10 | 1189.7 |
               +--------+--------+--------+--------+--------+-----+--------+

Top non-repeatable levels by time:
     D:8: 1937 daAuts
     D:9: 1557 daAuts
    D:10: 1506 daAuts
     D:4: 1339 daAuts
     D:5: 1100 daAuts
     D:3: 1048 daAuts
     D:7: 1032 daAuts
     D:1: 812 daAuts
     D:2: 785 daAuts
     D:6: 777 daAuts
